Map: Pillars of Gold LE

Players

LiquidClem (Clem) - Winner!

  • Race: Terran Terran
  • League: Master
  • Spawn Location: 1:00

ShoWTimE

  • Race: Protoss Protoss
  • Spawn Location: 7:00

Event: DreamHack SC2 Masters 2020 Summer Europe

VOD

Have the link to the VOD?

Description

Time

  • Played on: July 4, 2020, 12:58 p.m.
  • Length: 7:08

All games in this series

Show
View Real Time Build Order
Export as new Build Order

LiquidClem Terran - Winner!

Build Orders:  

Get SALT Encoding   

  12  0:00  SCV  
  13  0:12  SCV  
  14  0:17  Supply Depot  
  14  0:24  SCV  
  15  0:39  SCV, Barracks  
  16  0:44  Refinery  
  16  0:51  SCV  
  17  1:03  SCV  
  18  1:15  SCV  
  19  1:26  Marine  
  19  1:27  Orbital Command  
  20  1:47  Command Center  
  20  1:58  Factory  
  20  2:03  Barracks Reactor  
  20  2:05  SCV  
  21  2:11  Supply Depot  
  21  2:17  SCV  
  21  2:22  Bunker  
  23  2:30  SCV  
  23  2:39  Marine x2  
  23  2:42  Hellion  
  27  2:45  Starport  
  27  2:49  SCV  
  28  3:01  Orbital Command  
  28  3:04  Hellion  
  28  3:05  SCV  
  31  3:08  Marine  
  31  3:10  Marine  
  33  3:17  SCV  
  34  3:21  Medivac  
  34  3:25  Hellion  
  38  3:27  Supply Depot  
  38  3:28  SCV  
  38  3:30  SCV  
  38  3:33  Marine  
  41  3:35  Marine  
  42  3:41  SCV  
  42  3:42  SCV  
  42  3:45  Barracks  
  44  3:53  SCV  
  44  3:54  SCV  
  46  3:56  Marine x2  
  46  3:57  Supply Depot  
  48  4:06  SCV  
  48  4:07  SCV  
  48  4:08  Engineering Bay  
  50  4:17  Marine  
  50  4:18  SCV, Barracks  
  50  4:19  Marine, SCV  
  54  4:30  SCV  
  54  4:31  SCV  
  54  4:37  Terran Infantry Weapons Level 1  
  54  4:38  Barracks Tech Lab  
  52  4:39  Marine x2  
  52  4:42  SCV  
  52  4:43  SCV  
  56  4:45  Refinery  
  56  4:46  Refinery  
  56  4:49  Refinery  
  56  4:54  SCV  
  56  4:55  SCV  
  56  4:56  Marauder  
  56  4:57  Supply Depot  
  56  4:59  Stimpack  
  60  5:01  Marine  
  60  5:02  Marine  
  62  5:10  Barracks Tech Lab  
  62  5:11  Supply Depot  
  62  5:19  Marauder, SCV x2  
  62  5:20  Supply Depot  
  66  5:22  Marine  
  66  5:23  Marine  
  66  5:25  Starport Reactor  
  66  5:27  Factory Tech Lab  
  68  5:29  Combat Shield  
  68  5:31  SCV x2  
  68  5:34  Marauder  
  72  5:41  Marauder  
  72  5:42  Viking  
  75  5:48  Marine  
  75  5:49  Marine  
  74  5:52  SCV  
  74  5:53  SCV  
  74  5:55  Marauder  
  67  6:02  Siege Tank  
  67  6:04  SCV  
  69  6:05  Marauder  
  69  6:07  SCV  
  69  6:08  Marine x2  
  72  6:16  Marauder, SCV  
  72  6:18  Viking  
  77  6:23  Supply Depot  
  77  6:25  Marine x2  
  77  6:26  Marauder  
  77  6:28  SCV  
  78  6:35  SCV  
  78  6:37  Supply Depot  
  78  6:38  Marauder  
  78  6:44  Marine  
  72  6:50  SCV  
  72  6:52  SCV  
Show
View Real Time Build Order
Export as new Build Order

ShoWTimE Protoss 

Build Orders: 1 Gate Expand, Colossus Rush 

Get SALT Encoding   

  12  0:00  Probe  
  13  0:12  Probe  
  14  0:18  Pylon  
  14  0:24  Probe  
  15  0:32  Probe  
  15  0:38  Gateway  
  15  0:40  Probe  
  16  0:47  Assimilator  
  17  0:51  Probe  
  18  1:03  Probe  
  19  1:15  Probe  
  20  1:25  Cybernetics Core  
  20  1:35  Nexus  
  20  1:38  Probe  
  21  1:46  Pylon  
  21  1:50  Probe  
  21  1:53  Assimilator  
  22  1:54  Adept  
  22  2:02  Probe  
  22  2:06  Warp Gate  
  25  2:14  Adept, Probe  
  26  2:26  Probe  
  29  2:33  Robotics Facility  
  29  2:38  Probe  
  29  2:43  Probe  
  30  2:47  Stalker  
  30  2:50  Probe  
  34  2:51  Probe  
  35  3:02  Probe  
  35  3:03  Gateway  
  35  3:04  Probe  
  37  3:12  Probe  
  37  3:15  Probe  
  39  3:20  Probe  
  39  3:22  Observer, Robotics Bay  
  39  3:27  Probe, Pylon  
  42  3:30  Probe  
  43  3:34  Warp Prism  
  43  3:39  Probe  
  44  3:43  Probe  
  47  3:50  Pylon  
  47  3:51  Probe  
  47  3:53  Assimilator  
  48  3:59  Assimilator  
  47  4:04  Probe  
  47  4:06  Probe  
  40  4:13  Colossus  
  40  4:17  Adept  
  42  4:27  Adept  
  42  4:28  Probe  
  43  4:33  Probe  
  44  4:50  Zealot x2  
  46  4:57  Gateway  
  46  5:02  Gateway  
  45  5:12  Stalker  
  47  5:14  Stalker  
  49  5:21  Pylon  
  43  6:02  Stalker x2  
  43  6:03  Stalker  
  47  6:04  Zealot  
  49  6:35  Zealot x4  
Tags
 
Add a new tag
Caveats
  • Supply blocks, unpowered buildings, or Contaminate may cause inaccurate times.
  • Supply counts are checked every 10 seconds.